 Dungeon Crawl Stone Soup version 0.31-a0-851-g7ff8af7976 (webtiles) character file.

Game seed: 3185010310309214341

83 Malachi the Ruffian (level 4, -1/57 HPs)
             Began as an Armataur Shapeshifter on Oct 6, 2023.
             Succumbed to Sigmund's poison
             ... on level 3 of the Dungeon.
             The game lasted 00:02:11 (1258 turns).

Malachi the Ruffian (Armataur Shapeshifter)         Turns: 1258, Time: 00:02:11

Health: -1/57      AC: 22    Str: 22    XL:     4   Next: 22%
Magic:  4/4        EV:  1    Int: 10    God:
Gold:   52         SH:  0    Dex:  9    Spells: 3/3 levels left

rFire   . .          .
                       - Unarmed
rCold   . . .        (no shield)
rNeg    . . .        a - melded +0 animal skin
rPois   +            (helmet currently unavailable)
rElec   .            (cloak currently unavailable)
rCorr   .            (gloves currently unavailable)
SInv    .            (no barding)
Will    +....        (no amulet)
Stlth   +            (no ring)
HPRegen 0.29/turn    (no ring)
MPRegen 0.09/turn

%: roll
@: lethally poisoned (-1 -> -8), tree-form, enlightened
A: stationary, stasis, torment immunity, boosted hp, large, rugged brown scales
3, (deformed body), (armoured tail), roll, long tongue, awkward tongue
a: no special abilities


You were on level 3 of the Dungeon.
You were a tree.
You visited 1 branch of the dungeon, and saw 3 of its levels.

You collected 52 gold pieces.

Inventory:

Armour
 a - a +0 animal skin (melded)
 g - a +0 pair of gloves
Talismans
 c - a beast talisman
 d - a flux talisman
Wands
 l - a wand of iceblast (14)
 m - a wand of mindburst (17)
Scrolls
 e - a scroll of immolation {unknown}
 f - 5 scrolls of identify {unknown}
 h - a scroll of fear {unknown}
 i - a scroll of fog {unknown}
 k - 2 scrolls of enchant weapon {unknown}
 n - a scroll of amnesia {unknown}
 o - a scroll of teleportation {unknown}


   Skills:
 + Level 1.8 Fighting
 + Level 2.0 Dodging
 + Level 3.3 Unarmed Combat
 + Level 3.2 Shapeshifting


You had 3 spell levels left.
You didn't know any spells.
Your spell library contained the following spells:

 Spells                   Type           Power      Damage    Failure   Level
 Magic Dart               Conj           0%         1d3       36%         1
 Call Imp                 Summ           0%         N/A       50%         2
 Mephitic Cloud           Conj/Pois/Air  0%         N/A       75%         3


Dungeon Overview and Level Annotations

Branches:
Dungeon (3/15)

Altars:
Ru
Zin

Annotations:
D:3 Sigmund


Innate Abilities, Weirdness & Mutations

You are a tree.
Your roots penetrate the ground, keeping you stationary.
You cannot be teleported.
You are immune to unholy pain and torment.
Your maximum health is greatly increased.
Your equipment is partially melded.
(You are completely covered in rugged brown scales. (AC +3, +7% HP))
((Armour fits poorly on your strangely shaped body.))
((You have a long armoured tail.))
You roll when moving toward enemies. (Rampage)
Your long tongue fully drains potion bottles. (2x potion effects)
Your tongue gives you trouble enunciating. (1.5x scroll delay)


Message History

You hit the adder.
Your tail-slap misses the adder.
The adder is severely wounded.
You feel sick. The adder bites you but does no damage.
You hit the adder.
The adder is almost dead.
You feel sick. The adder bites you. x2
You closely miss the adder. You tail-slap the adder.
You kill the adder!
You feel sick. Something hits you but does no damage.
You are more poisoned.
No target in view!
It was a potion of enlightenment.
You feel very buoyant.
You fly up into the air.
You slurp down every last drop of the potion of enlightenment!
You feel sick. Something completely misses you.
You feel sick.
You feel sick. Something hits you.
You are more poisoned.
Found a stone staircase leading up.
You feel very sick. Something hits you!
* * * LOW HITPOINT WARNING * * *
There is an open door, spattered with blood here.
* * * LOW HITPOINT WARNING * * *
You feel very sick.
Your transformation has ended.
You turn into a tree.
Your +0 animal skin melds into your body.
Your roots penetrate the ground.
You slurp down every last drop of the potion of lignification!
* * * LOW HITPOINT WARNING * * *
You feel sick.
You hear some strange, mumbled words.
A puff of flame appears from out of thin air!
The puff of flame hits you.
* * * LOW HITPOINT WARNING * * *
Unknown command.
You cannot move.
You die...

###'####.....# #.. ..
#....)##.....# #.# ...
#......##'#### #.# ..<
#......#....####'###.#
#...........#........#
#.....#.....#........#
#.....#.#'###....{...#
#######.††## #'#
##...# #♣# ##..# #.#
#..# #.# #..#
#.#####..
#..#####.......#
#.........######
#.#####.>## #.# ####
#.#


There were no monsters in sight!

Vanquished Creatures
  3 adders
  A worm (D:2)
  A dart slug (D:1)
  2 bats (D:2)
  2 endoplasms
  7 goblins
  6 hobgoblins
  6 jackals
  A quokka (D:3)
  8 ball pythons
  A frilled lizard (D:1)
  4 kobolds
  5 rats
47 creatures vanquished.

Notes
Turn   | Place    | Note
-------+----------+-------------------------------------------
     0 | D:1      | Malachi the Armataur Shapeshifter began the quest for the
                  | Orb.
     0 | D:1      | Reached XP level 1. HP: 16/16 MP: 1/1
    78 | D:1      | Reached skill level 1 in Fighting
   119 | D:1      | Reached XP level 2. HP: 24/24 MP: 2/2
   640 | D:2      | Reached XP level 3. HP: 28/29 MP: 3/3
   939 | D:2      | Found a faded altar of an unknown god.
   955 | D:2      | Prayed at the altar of an unknown god.
  1011 | D:3      | Found a sacrificial altar of Ru.
  1077 | D:3      | Reached XP level 4. HP: 36/38 MP: 4/4
  1245 | D:3      | Noticed Sigmund
  1257 | D:3      | HP: 1/57 [something/puff of flame (2)]
  1258 | D:3      | Succumbed to Sigmund's poison

Illustrated notes

Levels and vault maps discovered:
D:1:      mainiacjoe_arrival_reflecting_pool, layout_rooms,
          hangedman_abyss_or_decor_stabs, serial_park_tiny_1,
          kennysheep_minor_cross, nicolae_concentric_dashed_squares_mild
D:2:      layout_rooms, serial_curves, eino_curves_01, eino_curves_04,
          eino_curves_01, eino_curves_03, basic_ecumenical_altar
D:3:      layout_basic, lemuel_tele_altar, dancing_weapons_uskayaw, uniq_sigmund

Skill      XL: |  1  2  3 |
---------------+----------+-----
Fighting       | 1 |  1.8
Unarmed Combat | 3 |  3.3
Shapeshifting  | 3 |  3.2
Dodging        | 2 |  2.0

Action                     |  1- 3 |  4- 6 || total
---------------------------+-------+-------++-------
  Melee: Unarmed           |    89 |    22 ||   111
         Tailslap          |    13 |     4 ||    17
         Punch             |     2 |       ||     2
    Use: Potion            |       |     2 ||     2
   Stab: Sleeping          |     1 |     1 ||     2
 Armour: Animal skin       |    51 |    22 ||    73
         Skin              |       |     1 ||     1
  Dodge: Dodged            |    40 |    17 ||    57

Table legend: (Time is in decaauts)
 A = Elapsed time spent in this place.
 B = Non-inter-level travel time spent in this place.
 C = Inter-level travel time spent in this place.
 D = Time resting spent in this place.
 E = Time spent auto-exploring this place.
 F = Levels seen in this place.
 G = Mean time per level.
                   A        B        C        D        E       F      G
               +--------+--------+--------+--------+--------+-----+--------+
         Total |   1251 |   1186 |     65 |      0 |    930 |   3 |  417.0 |
       Dungeon |   1251 |   1186 |     65 |      0 |    930 |   3 |  417.0 |
               +--------+--------+--------+--------+--------+-----+--------+

Top non-repeatable levels by time:
     D:1: 499 daAuts
     D:2: 490 daAuts
     D:3: 261 daAuts
